 Dungeon Crawl Stone Soup version 0.27.1-34-g3ba077fa99 (webtiles) character file.

Game seed: 1552460233660965943

32 Descartes the Grasshopper (level 3, 0/16 HPs)
             Began as a Felid Warper on Jan 21, 2022.
             Succumbed to an adder's poison
             ... on level 1 of the Dungeon.
             The game lasted 00:02:24 (1453 turns).

Descartes the Grasshopper (Felid Warper)            Turns: 1453, Time: 00:02:27

Health: 0/16       AC:  1    Str:  8    XL:     3   Next: 8%
Magic:  7/7        EV: 18    Int: 14    God:
Gold:   21         SH:  0    Dex: 15    Spells: 6/6 levels left
                                        Lives:  0   Deaths: 0

rFire    . . .     SeeInvis +     - Unarmed
rCold    . . .     Faith    .   (shield unavailable)
rNeg     . . .     Spirit   .   (armour unavailable)
rPois    .         Reflect  .   (helmet unavailable)
rElec    .         Harm     .   (cloak unavailable)
rCorr    .         Rampage  .   (gloves unavailable)
Will     .....                  (boots unavailable)
Stlth    ++........             (no amulet)
HPRegen  0.05/turn              (no ring)
MPRegen  0.10/turn              (no ring)

@: lethally poisoned (0 -> -4), quick
A: very small, claws 1, fangs 3, see invisible, speed 1, shaggy fur 1, stealthy
paws, no weapons or thrown items, no armour, multi-lived
a: no special abilities


You were on level 1 of the Dungeon.
You visited 1 branch of the dungeon, and saw 2 of its levels.

You collected 21 gold pieces.

Inventory:

Scrolls
 a - a scroll of blinking
 b - a scroll of torment {unknown}
 c - a scroll of immolation {unknown}
 d - a scroll of teleportation {unknown}
 f - a scroll of magic mapping {unknown}
 h - a scroll of fear {unknown}
Potions
 e - a potion of berserk rage {unknown}
 g - a potion of might {unknown}
 i - a potion of mutation {unknown}


   Skills:
 - Level 2.0 Fighting
 + Level 3.7 Dodging
 + Level 1.9 Stealth
 + Level 2.4 Unarmed Combat
 - Level 2.0 Spellcasting
 + Level 4.9 Translocations


You had 6 spell levels left.
You didn't know any spells.
Your spell library contained the following spells:

 Spells                   Type           Power      Damage    Failure   Level
 Blink                    Tloc           N/A        N/A       4%          2
 Gell's Gravitas          Tloc           7%         N/A       10%         3
 Lesser Beckoning         Tloc           7%         N/A       10%         3
 Teleport Other           Tloc           15%        N/A       10%         3
 Manifold Assault         Tloc           15%        N/A       65%         5


Dungeon Overview and Level Annotations

Branches:
Dungeon (2/15)

Altars:

Annotations:
D:2 Sigmund


Innate Abilities, Weirdness & Mutations

You have sharp claws.
You have razor-sharp teeth.
You have supernaturally acute eyesight. (SInv)
You cover ground quickly. (Speed+)
You are covered in fur. (AC +1)
Your paws help you pounce on unaware monsters.
You are incapable of wielding weapons or throwing items.
You cannot wear armour.
You gain extra lives every three experience levels.


Message History

You see here 13 gold pieces.
You open the door.
A ball python comes into view.
The ball python moves out of view.
An adder and a rat come into view.
The ball python hisses angrily.
There is an open door here.
You close the door.
The adder hisses angrily.
The rat completely misses you.
Found 8 gold pieces.
Something unseen opens the door.
The adder completely misses you. The adder bites you.
The rat twitches its whiskers.
The adder barely misses you. The ball python closely misses you.
The ball python misses you.
Sigmund shouts!
The rat closely misses you.
Sigmund breathes a few words.
Sigmund's hands start flickering wildly.
You open the door. The adder misses you.
There is an open door here.
You open the door. The adder misses you. The adder bites you.
You are poisoned.
The adder poisons you!
Found 2 gold pieces.
Found an escape hatch in the ceiling.
Found 6 gold pieces.
You feel sick.
There is an open door here.
You feel sick.
You feel sick.
You feel sick.
You feel sick.
There is an escape hatch in the ceiling here.
You feel sick.
You are no longer poisoned.
The adder bites you.
* * * LOW HITPOINT WARNING * * *
You are lethally poisoned!
The adder poisons you! A mysterious force pulls you upwards.
The hatch slams shut behind you.
You die...

###.##...#..............#
....#....#..............#
....#....#..............#
.........#######........######
....#....# #####.............#
....#.#'####.................#
....#.#....#.................#
...##+##...#..........########
...........'...S@.....#
...........#...)......#
###..........)........#
#....#..............#
#....#....###########
###....#....# ..+....#....#
..#.........# ..#...).....#


You could see an adder.

Vanquished Creatures
  A bat (D:1)
  9 endoplasms (D:1)
  3 goblins (D:1)
  3 hobgoblins (D:1)
  6 ball pythons (D:1)
  2 kobolds (D:1)
  2 rats (D:1)
26 creatures vanquished.

Notes
Turn   | Place    | Note
-------+----------+-------------------------------------------
     0 | D:1      | Descartes the Felid Warper began the quest for the Orb.
     0 | D:1      | Reached XP level 1. HP: 9/9 MP: 4/4
   329 | D:1      | Reached skill level 1 in Stealth
   332 | D:1      | Reached XP level 2. HP: 10/13 MP: 6/6
   982 | D:1      | Reached XP level 3. HP: 16/16 MP: 7/7
  1365 | D:2      | Noticed Sigmund
  1453 | D:1      | Succumbed to an adder's poison

Illustrated notes

Levels and vault maps discovered:
D:1:      dpeg_arrival_long_road, layout_basic
D:2:      layout_basic, chequers_serial_rivers_room_a, uniq_sigmund

Skill      XL: |  1 |
---------------+----+-----
Stealth        | 1 |  1.9
Fighting       | |  2.0
Dodging        | |  3.7
Unarmed Combat | |  2.4
Spellcasting   | |  2.0
Translocations | |  4.9

Action                   || total
-------------------------++-------
Melee: Unarmed           ||    54
       Bite              ||     5
       Punch             ||     1
 Stab: Sleeping          ||     4
Armor: Skin              ||     1
Dodge: Dodged            ||    60
